 Dungeon Crawl Stone Soup version 0.29-a0-297-g7659ce593d (webtiles) character file.

Game seed: 1081244163179218382

39 Dabor the Insei (level 3, -1/18 HPs)
             Began as a Vine Stalker Transmuter on Mar 22, 2022.
             Slain by an adder (2 damage)
             ... on level 1 of the Dungeon.
             The game lasted 00:01:50 (1578 turns).

Dabor the Insei (Vine Stalker Transmuter)           Turns: 1578, Time: 00:01:51

Health: -1/18      AC:  2    Str: 14    XL:     3   Next: 45%
Magic:  0/7        EV: 12    Int: 13    God:
Gold:   123        SH:  0    Dex: 14    Spells: 4/7 levels left

rFire   . . .      SeeInvis .     - Unarmed
rCold   . . .      Faith    .   (no shield)
rNeg    . . .      Spirit   +   a - +0 robe
rPois   .          Reflect  .   (helmet currently unavailable)
rElec   .          Harm     .   (no cloak)
rCorr   .          Rampage  .   (no gloves)
Will    .....                   (boots currently unavailable)
Stlth   +.........              (no amulet)
HPRegen 0.06/turn               e - ring of flight
MPRegen 0.10/turn               (no ring)

@: appendages (expiring), flying
A: horns 2, talons 2, fangs 2, magic shield, antimagic bite, no potion heal 2
a: End Transformation


You were on level 1 of the Dungeon.
You had temporarily grown beastly horns and talons.
You visited 1 branch of the dungeon, and saw 2 of its levels.

You collected 123 gold pieces.

Inventory:

Armour
 a - a +0 robe (worn)
 h - a +0 helmet (melded)
 i - a +0 pair of boots (melded)
Jewellery
 e - a ring of flight (left hand)
Scrolls
 f - a scroll of teleportation
Potions
 b - a potion of lignification
 c - a potion of curing
 d - a potion of berserk rage {unknown}
 g - a potion of haste {unknown}


   Skills:
 + Level 1.4 Fighting
 + Level 2.0 Dodging
 + Level 3.3 Unarmed Combat
 + Level 2.5 Spellcasting
 + Level 2.4 Transmutations


You had 4 spell levels left.
You knew the following spells:

 Your Spells              Type           Power      Damage    Failure   Level
a - Beastly Appendage     Tmut           14%        N/A       9%          1
b - Wereblood             Tmut           7%         N/A       14%         2

Your spell library contained the following spells:

 Spells                   Type           Power      Damage    Failure   Level
 Magic Dart               Conj           4%         1d3       24%         1
 Call Imp                 Summ           1%         N/A       36%         2
 Spider Form              Tmut/Pois      4%         N/A       41%         3
 Gell's Gravitas          Tloc           1%         N/A       58%         3
 Mephitic Cloud           Conj/Pois/Air  1%         N/A       58%         3
 Teleport Other           Tloc           1%         N/A       58%         3
 Ice Form                 Ice/Tmut       4%         N/A       82%         4
 Dispersal                Tloc           0%         N/A       100%        6


Dungeon Overview and Level Annotations

Branches:
Dungeon (2/15)

Altars:


Innate Abilities, Weirdness & Mutations

You have temporarily grown beastly horns and talons.
You have extremely sharp teeth.
When hurt, damage is shared between your health and your magic reserves.
Your bite disrupts and absorbs the magic of your enemies.
Potions cannot restore your health.


Message History

The worm is heavily wounded.
The adder bites you but does no damage.
You hit the worm.
The worm is severely wounded.
The adder bites you.
You are poisoned.
The adder poisons you! The worm bites you.
You hit the worm.
The worm is almost dead.
Your transformation is almost over.
You feel sick. The adder bites you.
You are lethally poisoned!
The adder poisons you!
You hit the worm but do no damage. You claw the worm.
The worm is almost dead.
You feel very sick. The adder barely misses you. The worm bites you.
You hit the worm.
You kill the worm!
You feel sick. The adder bites you.
* * * LOW HITPOINT WARNING * * *
The adder bites you.
* * * LOW HITPOINT WARNING * * *
You are more poisoned.
The adder poisons you!
Your Dodging skill increases to level 2!
You closely miss the adder. Your kick misses the adder.
* * * LOW HITPOINT WARNING * * *
You feel sick. The adder bites you but does no damage.
It was a potion of curing.
Your system rejects the healing.
You feel better. The adder completely misses you.
You hit the adder. You claw the adder. Your punch misses the adder.
Your bite misses the adder.
The adder is severely wounded.
The adder misses you. The adder bites you.
You closely miss the adder. Your kick misses the adder.
Your bite misses the adder.
The adder is severely wounded.
The adder bites you.
You die...

### #.########### #...........#
##.#########.##################
#.....# #†#@................
#####.# #.#S#.###.##########
#.# #.#.#.# #.# #.# #.#.#.#
#.######### #.# #.#.#.#
#.........# #.#
#.#.#.########.##.# #.#
#.........####.##.## #.#
####..................# #.#
#.....................#


You could see an adder.

Vanquished Creatures
  A worm (D:1)
  A dart slug (D:1)
  3 ball pythons (D:1)
  5 endoplasms (D:1)
  A goblin (D:1)
  4 hobgoblins (D:1)
  2 quokkas
  2 bats (D:1)
  5 frilled lizards (D:1)
  5 kobolds (D:1)
  5 rats (D:1)
34 creatures vanquished.

Notes
Turn   | Place    | Note
-------+----------+-------------------------------------------
     0 | D:1      | Dabor the Vine Stalker Transmuter began the quest for the
                  | Orb.
     0 | D:1      | Reached XP level 1. HP: 9/9 MP: 4/4
   119 | D:1      | Reached skill level 1 in Fighting
   130 | D:1      | Reached XP level 2. HP: 10/14 MP: 4/6
   245 | D:1      | Learned a level 2 spell: Wereblood
   982 | D:1      | Reached XP level 3. HP: 12/18 MP: 5/7
  1354 | D:1      | You are sucked into a shaft and drop 1 floor!
  1578 | D:1      | Slain by an adder

Illustrated notes

Levels and vault maps discovered:
D:1:      amcnicky_arrival_flooded_fountain, layout_basic, minmay_tetromino_t4
D:2:      layout_rooms, basic_ecumenical_altar, chequers_serial_rivers_micro_b

Skill      XL: |  1  2  3 |
---------------+----------+-----
Fighting       | 1 |  1.4
Dodging        | 2 |  2.0
Unarmed Combat | |  3.3
Spellcasting   | |  2.5
Transmutations | |  2.4

Action                   || total
-------------------------++-------
Melee: Unarmed           ||    88
       Bite              ||    19
       Kick              ||     7
       Headbutt          ||     5
       Punch             ||     1
 Cast: Beastly Appendage ||    13
  Use: Scroll            ||     2
       Potion            ||     1
Armor: Robe              ||    12
Dodge: Dodged            ||    51

Table legend: (Time is in decaauts)
 A = Elapsed time spent in this place.
 B = Non-inter-level travel time spent in this place.
 C = Inter-level travel time spent in this place.
 D = Time resting spent in this place.
 E = Time spent auto-exploring this place.
 F = Levels seen in this place.
 G = Mean time per level.
                   A        B        C        D        E       F      G
               +--------+--------+--------+--------+--------+-----+--------+
         Total |   1574 |   1530 |     44 |     80 |   1186 |   2 |  787.0 |
       Dungeon |   1574 |   1530 |     44 |     80 |   1186 |   2 |  787.0 |
               +--------+--------+--------+--------+--------+-----+--------+

Top non-repeatable levels by time:
     D:1: 1526 daAuts
     D:2: 47 daAuts
